 Dungeon Crawl Stone Soup version 0.19.0-24-gb05acd6 (webtiles) character file.

17100 SaltIsReal the Quickloader (level 12, -4/77 HPs)
             Began as a Kobold Hunter on Nov 22, 2016.
             Was a High Priest of Okawaru.
             Slain by a minotaur
             ... wielding the +5 hand axe of Integrity {chop, rC- Dex+7}
              (25 damage)
             ... in a labyrinth.
             The game lasted 00:48:11 (16362 turns).

SaltIsReal the Quickloader (Kobold Hunter)         Turns: 16362, Time: 00:48:12

Health: -4/77      AC: 20    Str: 14    XL:     12   Next: 78%
Magic:  13/17      EV: 23    Int: 16    God:    Okawaru [*****.]
Gold:   574        SH:  0    Dex: 16    Spells: 0 memorised, 11 levels left

rFire  . . .     SeeInvis .     b - +5 scimitar (flame)
rCold  . . .     Gourm    .     r - +9 scale mail of Cheibriados's Favour {Int+4 Stlth+}
rNeg   . . .     Faith    .     (shield restricted)
rPois  .         Spirit   .     S - +2 hat
rElec  .         Reflect  .     (no cloak)
rCorr  +         Harm     .     C - +0 pair of gloves
MR     .....                    o - +0 pair of boots
Stlth  ++++++....               i - amulet of magic regeneration
                                M - +4 ring of evasion
                                N - ring of resist corrosion

@: heroism, finesse, very slightly contaminated
A: carnivore 3
a: Heroism, Finesse, Renounce Religion


You were in a labyrinth.
You worshipped Okawaru.
Okawaru was extremely pleased with you.
You were very full.

You visited 3 branches of the dungeon, and saw 14 of its levels.
You also visited: Labyrinth.

You collected 756 gold pieces.
You spent 182 gold pieces at shops.

Inventory:

Hand Weapons
 a - a +2 arbalest of flaming
 b - a +5 scimitar of flaming (weapon)
 G - a +0 rapier
Missiles
 y - 89 bolts
 O - 2 throwing nets (quivered)
Armour
 o - a +0 pair of boots (worn)
 r - the +9 scale mail of Cheibriados's Favour (worn) {Int+4 Stlth+}
   (You found it on level 7 of the Dungeon)

   It affects your intelligence (+4).
   It makes you more stealthy.
 C - a +0 pair of gloves (worn)
 S - a +2 hat (worn)
Jewellery
 i - an amulet of magic regeneration (around neck)
 t - an uncursed ring of protection from cold {unknown}
 w - an uncursed ring of protection from fire
 M - a +4 ring of evasion (right hand)
 N - a ring of resist corrosion (left hand)
Wands
 c - a wand of polymorph (6/24)
 d - a wand of lightning (10/15)
 e - a wand of paralysis (11/24)
 g - a wand of iceblast (7/15)
 E - a wand of heal wounds (5/9)
 F - a wand of enslavement (10/24)
 L - a wand of disintegration (9/24)
 P - a wand of flame (20/48)
Scrolls
 p - a scroll of recharging
 q - 3 scrolls of fog
 x - 3 scrolls of teleportation
 A - 2 scrolls of remove curse
 B - 3 scrolls of fear
Potions
 h - a potion of cure mutation
 k - 4 potions of heal wounds
 m - 2 potions of mutation
 n - a potion of ambrosia
 s - 3 potions of lignification
 v - 2 potions of degeneration
 z - 3 potions of haste
 Q - a potion of flight {unknown}
Books
 H - a Young Poisoner's Handbook

   Spells                             Type                      Level
   a - Sting                          Conjuration/Poison           1
   b - Mephitic Cloud                 Conjuration/Poison/Air       3
   c - Olgreb's Toxic Radiance        Poison                       4
   d - Alistair's Intoxication        Transmutation/Poison         5
   e - Venom Bolt                     Conjuration/Poison           5
 J - a book of Battle

   Spells                             Type                      Level
   a - Infusion                       Charms                       1
   b - Shroud of Golubria             Charms/Translocation         2
   c - Song of Slaying                Charms                       2
   d - Spectral Weapon                Hexes/Charms                 3
   e - Regeneration                   Charms/Necromancy            3
Comestibles
 f - 8 meat rations
 j - 10 slices of pizza
 u - 2 royal jellies
 I - 5 beef jerkies


   Skills:
 + Level 9.7(14.7) Fighting
 - Level 10.5(17.3) Short Blades
 - Level 7.0(13.3) Long Blades
 + Level 11.3(16.3) Crossbows
 - Level 7.3(12.3) Dodging
 - Level 9.6(14.6) Stealth
 * Level 7.0 Invocations


You had 11 spell levels left.
You didn't know any spells.

Dungeon Overview and Level Annotations

Branches:
Dungeon (11/15)            Temple (1/1) D:6            Lair (2/6) D:10
  Swamp: Lair:2-4    Shoals: Lair:2-4     Snake: Lair:2-4    Spider: Lair:2-4
    Orc: D:9-12

Altars:
Ashenzari
Cheibriados
Dithmenos
Elyvilon
Hepliaklqana
Kikubaaqudgha
Makhleb
Nemelex Xobeh
Okawaru
Qazlal
Ru
Sif Muna
Trog
Uskayaw
Vehumet
Xom
Yredelemnul
The Shining One

Shops:
D:9 (!?*   D:10 *=

Annotations:
D:9 Gastronok


Innate Abilities, Weirdness & Mutations

You are small and have problems with some larger weapons.
You are carnivorous and can eat meat at any time.


Message History

The minotaur is lightly wounded.
The minotaur hits you with an ivory hand axe {chop}!
The minotaur gores you but does no damage.
The minotaur blocks your attack. x2
The minotaur is lightly wounded.
You hit the minotaur but do no damage.
The minotaur is lightly wounded.
The minotaur hits you with an ivory hand axe {chop}!
* * * LOW HITPOINT WARNING * * *
x2 The minotaur gores you but does no damage.
You hit the minotaur but do no damage.
The minotaur is lightly wounded.
You hit the minotaur but do no damage.
The minotaur is lightly wounded.
You barely miss the minotaur.
The minotaur is lightly wounded.
The minotaur blocks your attack.
The minotaur is lightly wounded.
The minotaur hits you with an ivory hand axe {chop}!!
You die...

#. .# # #
# . .. ..
. . .#
###### .##
#.#. . # #
.#.###.# .
# # #.#<#.
. . .
#.#.#.#
#.#
.#.#H#.#..
.#.@.#.# #
#####.#.
..# . . .
#. # ## .
.. . . # .
. # ..# #.
# #. ####
# . .. #
### ##


You could see a minotaur.

Vanquished Creatures
  Erolcha (D:9)
  Erica (D:8)
  The ghost of Enish the Slicer, a novice KoCK of Xom (D:9)
  A hill giant (D:11)
  4 elephants (Lair:2)
  A black mamba (Lair:2)
  3 komodo dragons
  4 spiny frogs (Lair:2)
  3 trolls
  A hornet (D:8)
  4 blink frogs (Lair:1)
  A minotaur skeleton (Lab)
  Prince Ribbit (Lair:1)
  4 hippogriffs
  4 yaks
  A wyvern (D:8)
  A yak (shapeshifter) (D:11)
  A human (D:8)
  2 hungry ghosts
  A basilisk (Lab)
  4 hogs (D:8)
  5 porcupines
  A water moccasin (Lair:2)
  4 sky beasts
  A swamp drake (D:10)
  3 ice beasts
  2 black bears (D:7)
  2 phantoms
  A necrophage (D:8)
  4 centaurs
  5 ogres
  2 crocodiles (Lair:1)
  A big kobold (D:8)
  Blork the orc (D:6)
  7 bullfrogs
  A wyvern zombie (D:9)
  A wyvern skeleton (D:10)
  18 killer bees
  6 scorpions
  17 wights
  4 howler monkeys
  6 crimson imps
  A centaur zombie (D:8)
  A bullfrog zombie (D:11)
  5 hounds
  2 centaur skeletons
  A jelly (D:7)
  5 orc wizards
  2 orc priests
  7 iguanas
  7 worker ants
  2 hound skeletons (D:4)
  A worker ant zombie (D:10)
  3 gnolls (D:5)
  11 adders
  4 shadow imps
  3 adder skeletons
  2 adder zombies
  A worm (D:4)
  A dart slug (D:4)
  6 leopard geckos
  39 orcs
  5 bats
  5 giant cockroaches
  10 goblins
  9 hobgoblins
  16 jackals
  10 kobolds
  3 quokkas
  2 ball pythons
  3 frilled lizards
  A leopard gecko skeleton (D:4)
  A quokka skeleton (D:8)
  6 rats
311 creatures vanquished.

Notes
Turn   | Place    | Note
-------+----------+-------------------------------------------
     0 | D:1      | SaltIsReal the Kobold Hunter began the quest for the Orb.
     0 | D:1      | Reached XP level 1. HP: 12/12 MP: 1/1
    15 | D:1      | Reached skill level 1 in Short Blades
   130 | D:1      | Reached XP level 2. HP: 4/17 MP: 2/2
   674 | D:1      | Found a glowing golden altar of the Shining One.
   770 | D:1      | Reached XP level 3. HP: 21/22 MP: 3/3
   867 | D:1      | Noticed an ogre
   896 | D:1      | Killed an ogre
   896 | D:1      | Reached XP level 4. HP: 28/28 MP: 4/4
   896 | D:1      | Reached XP level 5. HP: 32/32 MP: 5/5
  1172 | D:1      | Reached skill level 5 in Short Blades
  2362 | D:2      | Found a sacrificial altar of Ru.
  2501 | D:2      | Found a deep blue altar of Sif Muna.
  2828 | D:3      | Found a faded altar of an unknown god.
  2857 | D:3      | Found a snail-covered altar of Cheibriados.
  2874 | D:3      | Found a white marble altar of Elyvilon.
  2880 | D:3      | Reached XP level 6. HP: 38/38 MP: 6/6
  4476 | D:4      | Noticed a phantom
  4505 | D:4      | Killed a phantom
  4505 | D:4      | Reached XP level 7. HP: 30/44 MP: 7/7
  5185 | D:5      | Entered Level 5 of the Dungeon
  5367 | D:5      | Reached skill level 5 in Fighting
  5528 | D:5      | Found a sparkling altar of Nemelex Xobeh.
  5529 | D:5      | Found an ancient bone altar of Kikubaaqudgha.
  5623 | D:5      | Found a shattered altar of Ashenzari.
  5833 | D:5      | Found a bloodstained altar of Trog.
  5840 | D:5      | Reached XP level 8. HP: 49/49 MP: 8/8
  5945 | D:5      | Found a stormy altar of Qazlal.
  6749 | D:6      | Found a staircase to the Ecumenical Temple.
  6770 | Temple   | Entered the Ecumenical Temple
  6904 | Temple   | Became a worshipper of Warmaster Okawaru
  7083 | D:6      | Noticed Blork the orc
  7101 | D:6      | Killed Blork the orc
  7369 | D:6      | Reached skill level 10 in Short Blades
  7756 | D:6      | Reached XP level 9. HP: 30/55 MP: 9/9
  8071 | D:7      | Got a polished scale mail
  8082 | D:7      | Identified the +9 scale mail of Cheibriados's Favour {Int+4 Stlth+} (You found it on level 7 of the Dungeon)
  8152 | D:7      | Reached skill level 5 in Crossbows
  8162 | D:7      | Reached * piety under Okawaru
  8162 | D:7      | Reached skill level 5 in Stealth
  8167 | D:7      | Found a bloodstained altar of Trog.
  8252 | D:7      | Reached skill level 6 in Crossbows
  8396 | D:7      | Reached skill level 5 in Dodging
  8738 | D:8      | Identified a scroll of acquirement
  8980 | D:8      | Found a hazy altar of Hepliaklqana.
  9026 | D:8      | Reached skill level 7 in Crossbows
  9090 | D:8      | Noticed a hippogriff
  9122 | D:8      | Reached ** piety under Okawaru
  9127 | D:8      | Reached XP level 10. HP: 51/63 MP: 10/10
  9150 | D:8      | Noticed Erica
  9219 | D:8      | Killed Erica
  9219 | D:8      | Reached skill level 8 in Crossbows
  9564 | D:8      | Reached *** piety under Okawaru
  9663 | D:8      | Reached skill level 9 in Crossbows
 10232 | D:8      | Paralysed by a hornet for 2 turns
 10234 | D:8      | Reached XP level 11. HP: 51/69 MP: 11/11
 10403 | D:8      | Reached skill level 1 in Invocations
 10655 | D:9      | Reached **** piety under Okawaru
 10655 | D:9      | Reached skill level 10 in Crossbows
 10665 | D:9      | Noticed Enish's ghost (novice KoCK)
 11108 | D:9      | Noticed Erolcha
 11588 | D:9      | Found Neogeupo's Magic Scroll Emporium.
 11664 | D:9      | Found Rat Homp's General Store.
 11785 | D:9      | Noticed Gastronok
 11880 | D:9      | Found Tiytal's Weapon Emporium.
 11885 | D:9      | Found Bygod's Distillery.
 12011 | D:9      | Killed Erolcha
 12297 | D:9      | Killed Enish's ghost
 12415 | D:10     | Entered Level 10 of the Dungeon
 12649 | D:10     | Found Riogg's Elemental Accessories.
 12926 | D:10     | Bought a wand of disintegration (9/24) for 182 gold pieces
 13064 | D:10     | Reached ***** piety under Okawaru
 13188 | D:10     | Found Pularud Jank's Jewellery Emporium.
 13615 | D:10     | Found a staircase to the Lair.
 13884 | D:10     | Reached skill level 5 in Long Blades
 13884 | D:10     | Reached XP level 12. HP: 76/76 MP: 15/15
 13906 | D:10     | Received a gift from Okawaru
 14375 | Lair:1   | Entered Level 1 of the Lair of Beasts
 14568 | Lair:1   | Noticed Prince Ribbit
 14607 | Lair:1   | Killed Prince Ribbit
 14933 | Lair:1   | Reached skill level 5 in Invocations
 15519 | Lair:2   | Received a gift from Okawaru
 15519 | Lair:2   | Reached skill level 11 in Crossbows
 15874 | Lair:2   | Found a labyrinth entrance.
 15891 | Lab      | Entered a labyrinth
 16323 | Lab      | Noticed a minotaur
 16362 | Lab      | Identified the +5 hand axe of Integrity {chop, rC- Dex+7}
 16362 | Lab      | Slain by a minotaur

Skill      XL: |  1  2  3  4  5  6  7  8  9 10 11 12 |
---------------+-------------------------------------+-----
Short Blades   | 2 3 4 5 7 8 10 | 10.5
Fighting       | 3 4 5 6 7 8 9 |  9.7
Stealth        | 4 6 8 9 |  9.6
Dodging        | 3 5 7 |  7.3
Crossbows      | 7 9 10 11 | 11.3
Invocations    | 4 7 |  7.0
Long Blades    | 5 7 |  7.0

Action                   |  1- 3 |  4- 6 |  7- 9 | 10-12 || total
-------------------------+-------+-------+-------+-------++-------
Melee: Short sword       |    25 |    21 |       |       ||    46
       Dagger            |    29 |   180 |   330 |   325 ||   864
       Scimitar          |       |       |       |   241 ||   241
       Punch             |       |       |       |     3 ||     3
 Fire: Hand crossbow     |     7 |    26 |    93 |   320 ||   446
       Arbalest          |       |       |       |    17 ||    17
Throw: Throwing net      |       |       |       |     1 ||     1
Invok: Heroism           |       |       |     2 |    21 ||    23
       Finesse           |       |       |       |     1 ||     1
  Use: Scroll            |       |     6 |    12 |     6 ||    24
       Potion            |       |       |       |    12 ||    12
 Stab: Sleeping          |     1 |     3 |     8 |     8 ||    20
       Distracted        |       |       |       |     2 ||     2
       Invisible         |       |       |       |     1 ||     1
  Eat: Chunk             |     8 |    12 |    14 |    28 ||    62
Armor: Leather armour    |     9 |    43 |    15 |       ||    67
       Scale mail        |       |       |    43 |   196 ||   239
Dodge: Dodged            |    26 |   114 |   164 |   552 ||   856
       Rpst.: Scimitar   |       |       |       |    57 ||    57
